 Dungeon Crawl Stone Soup version 0.27-a0-1051-g288ea87c7c (webtiles) character file.

Game seed: 4384608673421029049

1280 sizableburger the Chucker (level 8, -3/60 HPs)
             Began as a Mummy Hunter on Apr 21, 2021.
             Was a Follower of Okawaru.
             Slain by an unseen horror (4 damage)
             ... on level 6 of the Dungeon.
             The game lasted 00:16:17 (6035 turns).

sizableburger the Chucker (Mummy Hunter)            Turns: 6035, Time: 00:16:18

Health: -3/60      AC:  9    Str: 17    XL:     8   Next: 29%
Magic:  8/9        EV: 14    Int: 10    God:    Okawaru [*.....]
Gold:   246        SH:  0    Dex: 13    Spells: 4/7 levels left

rFire    x . .     SeeInvis .   p - +1 flail
rCold    + . .     Faith    +   (no shield)
rNeg     + + +     Spirit   .   b - +0 leather armour
rPois    ∞         Reflect  .   d - +0 helmet
rElec    .         Harm     .   (no cloak)
rCorr    .         Rampage  .   (no gloves)
Will     +....                  (no boots)
Stlth    +++.......             f - amulet of faith
HPRegen  0.20/turn              g - +4 ring of protection
MPRegen  0.11/turn              (no ring)

@: heroic
A: cold resistance 1, negative energy resistance 3, torment resistance 2,
unbreathing 1, heat vulnerability 1, no potions
a: Renounce Religion, Heroism


You were on level 6 of the Dungeon.
You worshipped Okawaru.
Okawaru was aware of your devotion.
You visited 2 branches of the dungeon, and saw 7 of its levels.

You collected 246 gold pieces.

Inventory:

Hand Weapons
 p - a +1 flail (weapon)
Missiles
 e - 117 stones (quivered)
 h - 6 silver javelins
 j - 40 sling bullets
 k - an atropa-tipped dart
 m - 35 poisoned darts
Armour
 b - a +0 leather armour (worn)
 d - a +0 helmet (worn)
Jewellery
 f - an amulet of faith (around neck)
 g - a +4 ring of protection (left hand)
Wands
 a - a wand of polymorph (5)
 i - a wand of flame (20)
Scrolls
 n - a scroll of magic mapping


   Skills:
 - Level 4.2(9.2) Fighting
 - Level 1.9(6.9) Short Blades
 + Level 3.6(8.6) Maces & Flails
 + Level 5.5(10.5) Throwing
 + Level 2.8(7.8) Armour
 - Level 1.5(6.5) Dodging
 - Level 0.7(5.7) Stealth
 - Level 1.8 Ice Magic
 + Level 2.1 Invocations


You had 4 spell levels left.
You knew the following spells:

 Your Spells              Type           Power      Damage    Failure   Level
a - Ozocubu's Armour      Ice            3%         N/A       54%         3

Your spell library contained the following spells:

 Spells                   Type           Power      Damage    Failure   Level
 Freeze                   Ice            12%        1d4       22%         1
 Frozen Ramparts          Ice            6%         1d2       54%         3
 Hailstorm                Conj/Ice       1%         3d3       97%         4
 Metabolic Englaciation   Hex/Ice        0%         N/A       100%        5


Dungeon Overview and Level Annotations

Branches:
Dungeon (6/15)             Temple (1/1) D:5

Altars:
Ashenzari
Cheibriados
Gozag
Hepliaklqana
Kikubaaqudgha
Nemelex Xobeh
Okawaru
Ru
Trog
Uskayaw
Vehumet
Wu Jian
Zin

Shops:
D:4 (


Innate Abilities, Weirdness & Mutations

You are immune to poison.
Your flesh is cold resistant. (rC+)
You are immune to negative energy. (rN+++)
You are immune to unholy pain and torment.
You can survive without breathing.
You are vulnerable to heat. (rF-)
You do not drink.


Message History

The iguana is severely wounded.
The iguana misses you.
You sock the iguana!
You kill the iguana!
Okawaru accepts your kill.
Something hits you but does no damage. x2
You hit something. Something hits you.
* * * LOW HITPOINT WARNING * * *
Something barely misses you.
You hit something but do no damage. Something hits you but does no damage.
You completely miss the adder. The adder barely misses you.
You barely miss the adder. The adder bites you.
* * * LOW HITPOINT WARNING * * *
You completely miss the adder. The adder barely misses you.
Okay, then.
You can't drink.
Throw: 4 javelins
Press: ? - help, Q - select action, (/) - cycle Shift-Dir - straight line You throw a javelin.
The javelin pierces through the adder.
The adder is lightly wounded.
The adder bites you but does no damage. The adder bites you.
* * * LOW HITPOINT WARNING * * *
Throw: 3 javelins
Press: ? - help, Q - select action, (/) - cycle Shift-Dir - straight line You throw a javelin.
The javelin pierces through the adder!
You kill the adder!
Okawaru accepts your kill. Something hits you.
* * * LOW HITPOINT WARNING * * *
Throw: 2 javelins
Press: ? - help, Q - select action, (/) - cycle Shift-Dir - straight line You throw a javelin.
Something hits you!
* * * LOW HITPOINT WARNING * * *
Unknown command.
Throw: javelin
Press: ? - help, Q - select action, (/) - cycle Shift-Dir - straight line You throw a javelin.
Something hits you.
You die...

#.....# .. #.....# ...
#.....# ... #
###.....#######... ##
#.......#(.(#..#### .#
#.......'.......... .#
#.......#.........$
######.......###†##.##.
...............#@#
...............#.....#
...............#......#
...............###).#..#
#############....#..# ..
#..{.+..# #....# .#
#..<.# .# #....#


There were no monsters in sight!

Vanquished Creatures
  A ynoxinul (D:4)
  Eustachio (D:4)
  Menkaure (D:5)
  A water moccasin (D:5)
  A black bear (D:5)
  An ogre (D:5)
  A scorpion (D:4)
  A howler monkey (D:4)
  A centaur zombie (D:5)
  An orc priest (D:4)
  A bullfrog skeleton (D:5)
  2 hounds
  A centaur skeleton (D:6)
  Ijyb (D:4)
  3 iguanas
  Robin (D:3)
  4 gnolls (D:4)
  8 adders
  2 ufetubi
  A worm (D:3)
  6 dart slugs
  5 orcs
  4 endoplasms
  A giant cockroach (D:2)
  11 goblins
  6 hobgoblins
  4 jackals (D:1)
  7 kobolds
  5 quokkas
  A ball python (D:2)
  5 bats
  A frilled lizard (D:3)
  7 rats
97 creatures vanquished.

Vanquished Creatures (others)
  9 plants (D:5)
9 creatures vanquished.

Grand Total: 106 creatures vanquished

Notes
Turn   | Place    | Note
-------+----------+-------------------------------------------
     0 | D:1      | sizableburger the Mummy Hunter began the quest for the Orb.
     0 | D:1      | Reached XP level 1. HP: 16/16 MP: 1/1
   467 | D:1      | Reached XP level 2. HP: 21/22 MP: 2/2
   903 | D:1      | Found a faded altar of an unknown god.
  1312 | D:2      | Reached skill level 1 in Short Blades
  1608 | D:2      | Reached XP level 3. HP: 21/28 MP: 3/3
  2749 | D:3      | Reached XP level 4. HP: 29/35 MP: 4/4
  2802 | D:3      | Noticed Robin
  2804 | D:3      | Killed Robin
  2900 | D:3      | Reached skill level 4 in Throwing
  3386 | D:4      | Reached XP level 5. HP: 41/41 MP: 5/5
  3513 | D:4      | Reached skill level 1 in Maces & Flails
  3720 | D:4      | Found Apei's Weapon Boutique.
  3757 | D:4      | Noticed Eustachio
  3772 | D:4      | Killed Eustachio
  3773 | D:4      | Reached XP level 6. HP: 38/48 MP: 6/6
  3917 | D:4      | Noticed Grinder
  3931 | D:5      | Entered Level 5 of the Dungeon
  4040 | D:5      | Learned a level 3 spell: Ozocubu's Armour
  4144 | D:5      | Reached skill level 1 in Armour
  4144 | D:5      | Reached skill level 1 in Ice Magic
  4144 | D:5      | Reached XP level 7. HP: 32/54 MP: 7/7
  4400 | D:5      | Found an opulent altar of Gozag.
  4411 | D:5      | Reached skill level 5 in Throwing
  4510 | D:5      | Noticed Menkaure
  4517 | D:5      | Killed Menkaure
  4531 | D:5      | Found a staircase to the Ecumenical Temple.
  4541 | Temple   | Entered the Ecumenical Temple
  4593 | Temple   | Became a worshipper of Warmaster Okawaru
  4829 | D:4      | Noticed Grinder
  4829 | D:4      | Grinder changed into Grinder the ynoxinul
  4854 | D:4      | Noticed Ijyb
  4986 | D:4      | Killed Ijyb
  5063 | D:4      | Noticed Sigmund
  5071 | D:4      | Noticed Sigmund
  5071 | D:4      | Sigmund changed into Sigmund the iguana
  5082 | D:4      | Reached skill level 1 in Invocations
  5086 | D:4      | Killed Sigmund the iguana
  5251 | D:4      | Reached * piety under Okawaru
  5252 | D:4      | Reached XP level 8. HP: 33/60 MP: 7/9
  5887 | D:4      | Killed Grinder the ynoxinul
  6034 | D:6      | HP: 1/60 [something (9)]
  6035 | D:6      | Slain by an unseen horror

Illustrated notes

Levels and vault maps discovered:
D:1:      dpeg_arrival_erosion, layout_loops_corners,
          ebering_ecumenical_altar_sacrificial
D:2:      layout_loops_corners
D:3:      layout_rooms, chequers_serial_rivers_large_b, uniq_robin
D:4:      layout_loops_ring, elyvilon_altar_5, kennysheep_mini, serial_shops,
          shop, uniq_ijyb, uniq_eustachio, uniq_sigmund, uniq_grinder
D:5:      layout_rooms, lemuel_round_altar, zin_treasury,
          minmay_temple_entry_poolview, serial_bayou_pond_c, uniq_menkaure
D:6:      layout_gridville, biasface_ghost_orc_armoury,
          gup_ossuary_entry_pyramid
Temple:   nicolae_temple_great_sept

Skill      XL: |  1  2  3  4  5  6  7  8 |
---------------+-------------------------+-----
Short Blades   | 1 |  1.9
Fighting       | 3 4 |  4.2
Throwing       | 4 5 |  5.5
Maces & Flails | 1 2 3 |  3.6
Armour         | 1 2 |  2.8
Ice Magic      | 1 |  1.8
Invocations    | 1 2 |  2.1
Dodging        | |  1.5
Stealth        | |  0.7

Action                   |  1- 3 |  4- 6 |  7- 9 || total
-------------------------+-------+-------+-------++-------
Melee: Short sword       |   104 |    29 |       ||   133
       Flail             |       |    69 |    95 ||   164
Throw: Javelin           |    23 |    18 |    35 ||    76
       Throwing net      |     4 |     2 |     1 ||     7
       Dart              |     2 |    19 |    10 ||    31
       Stone             |       |     2 |       ||     2
Invok: Heroism           |       |       |     1 ||     1
Evoke: Wand              |       |       |     4 ||     4
  Use: Scroll            |       |       |     6 ||     6
 Stab: Sleeping          |     3 |       |       ||     3
       Held in net/web   |     2 |       |     1 ||     3
Armor: Leather armour    |    55 |    57 |    63 ||   175
Dodge: Dodged            |    74 |    94 |    94 ||   262

Table legend: (Time is in decaauts)
 A = Elapsed time spent in this place.
 B = Non-inter-level travel time spent in this place.
 C = Inter-level travel time spent in this place.
 D = Time resting spent in this place.
 E = Time spent auto-exploring this place.
 F = Levels seen in this place.
 G = Mean time per level.
                   A        B        C        D        E       F      G
               +--------+--------+--------+--------+--------+-----+--------+
         Total |   6130 |   5634 |    496 |   1458 |   2993 |   7 |  875.7 |
       Dungeon |   6066 |   5570 |    496 |   1458 |   2954 |   6 | 1011.0 |
        Temple |     64 |     64 |      0 |      0 |     39 |   1 |   64.0 |
               +--------+--------+--------+--------+--------+-----+--------+

Top non-repeatable levels by time:
     D:2: 1428 daAuts
     D:4: 1402 daAuts
     D:1: 1279 daAuts
     D:5: 1085 daAuts
     D:3: 769 daAuts
     D:6: 100 daAuts
  Temple: 64 daAuts
